Unix NetHack Version 3.7.0-97 Work-in-progress - last build Feb 8 2024 15:05:57 (6d6cdf8371b60126770a3d7b88910941cb14a054,branch:master). Game began 2024-02-19 10:20:32, ended 2024-02-19 10:47:09. elenmirie, neutral female gnomish Archeologist ---------- |..<.....| |........| #.......... #-.----.--- # ## # ## # # # ###u@a0 -.- |... |...| %.". ----- Elenmirie the Field Worker St:15 Dx:11 Co:13 In:14 Wi:14 Ch:10 Neutral Dlvl:6 $:29 HP:0(26) Pw:20(20) AC:6 Xp:3/57 T:2442 Burdened Latest messages: The door resists! The door opens. That door is closed. The door opens. You descend the stairs. You see here a studded leather armor. You have a little trouble lifting U - a studded leather armor. Your movements are slowed slightly because of your load. What do you want to take off? [bc or ?*] b You were wearing an uncursed +0 leather jacket. What do you want to wear? [bU or ?*] U You finish your dressing maneuver. What do you want to take off? [cU or ?*] U You hear some noises in the distance. You finish taking off your suit. What do you want to wear? [bU or ?*] U You finish your dressing maneuver. You are beginning to feel hungry. What do you want to eat? [dH or ?*] d This food really hits the spot! You hear some noises in the distance. You finish eating the food ration. You hear water falling on coins. You hear some noises in the distance. You hear some noises in the distance. You hear some noises in the distance. You hear some noises in the distance. You try to move the boulder, but in vain. In what direction? n As you kick the door, it crashes open! The giant ant misses! The giant ant bites! The giant ant bites! You miss the giant ant. The giant ant bites! The giant ant just misses! You hear water falling on coins. You lash the pony. The giant ant bites! The pony kicks! The pony bites! The giant ant bites! The giant ant bites! The pony kicks! You die... Do you want your possessions identified? [ynq] (y) y Do you want to see your attributes? [ynq] (y) y Do you want an account of creatures vanquished? [ynaq] (y) y Do you want to see your conduct and achievements? [ynq] (y) y Do you want to see the dungeon overview? [ynq] (y) y Inventory: Coins $ - 29 gold pieces Weapons a - an uncursed +2 bullwhip (weapon in right hand) Armor c - an uncursed +0 fedora (being worn) b - an uncursed +0 leather jacket U - an uncursed +1 studded leather armor (being worn) Comestibles H - an uncursed clove of garlic d - 4 uncursed food rations Rings v - an uncursed ring of slow digestion Wands E - an uncursed wand of secret door detection (0:11) Tools w - an uncursed sack containing 18 items m - a blessed brass lantern i - an uncursed oil lamp n - an uncursed tin whistle t - an uncursed tinning kit (0:47) Gems/Stones g - an uncursed touchstone Contents of the sack: 209 gold pieces 2 cursed scrolls of enchant weapon a blessed scroll of food detection a cursed scroll of identify an uncursed scroll of magic mapping an uncursed scroll of scare monster a cursed scroll of teleportation 2 uncursed potions of booze an uncursed potion of confusion an uncursed potion of extra healing a blessed potion of healing 3 uncursed potions of healing an uncursed potion of levitation a cursed potion of levitation an uncursed potion of object detection an uncursed potion of paralysis a blessed potion of restore ability an uncursed +0 pick-axe Elenmirie the Archeologist's attributes: Background: You were a Field Worker, a level 3 female gnomish Archeologist. You were neutral, on a mission for Camaxtli who was opposed by Quetzalcoatl (lawful) and Huhetotl (chaotic). You were right-handed. You were in the Dungeons of Doom, on level 6. You entered the dungeon 2442 turns ago. You had 57 experience points, 23 more were needed to attain level 4. Basics: You had 0 out of 26 hit points. You had all 20 energy points (spell power). Your armor class was 6. Your wallet contained 29 zorkmids, and you had 209 more stashed away in your pack. Autopickup was on for '$' plus thrown. Final Characteristics: Your strength was 15 (limit:18/50). Your dexterity was 11 (limit:18). Your constitution was 13 (limit:18). Your intelligence was 14 (limit:19). Your wisdom was 14 (limit:18). Your charisma was 10 (limit:18). Final Status: You weren't hungry. You were burdened; movement was slightly slowed. You were wielding a whip. You had basic skill with whip. Final Attributes: You were piously aligned. You had automatic searching. You had infravision. You were warded. You are dead. Miscellaneous: You never encountered a bones level. Total elapsed playing time was 26 minutes and 34 seconds. Major events: Turn 1: elenmirie the neutral female gnomish Archeologist entered the dungeon 1934: entered the Gnomish Mines 2006: attained the rank of Field Worker (level 3) 2442: killed by a pony Vanquished creatures: a pony a hill orc a wererat 2 acid blobs a giant rat 4 geckos 3 jackals 2 foxes a kobold a goblin a sewer rat 5 grid bugs a lichen 7 newts 31 creatures vanquished. No species were genocided or became extinct. Voluntary challenges: You read items or engraved 2 times. You never engraved Elbereth. You never genocided any monsters. You never polymorphed an object. You never changed form. You used no wishes. Achievements: You entered a shop. You entered the Gnomish Mines. You attained the rank of Field Worker. The Dungeons of Doom: levels 1 to 6 Level 1: Level 2: A grave. Level 3: A fountain, a grave. Level 4: A fountain, a sink. Stairs down to The Gnomish Mines. Level 5: Some fountains. Level 6: <- You were here. Final resting place for you, killed by a pony. The Gnomish Mines: Level 5: Game over: ---------- / \ / REST \ / IN \ / PEACE \ / \ | elenmirie | | 238 Au | | killed by a pony | | | | | | | | 2024 | *| * * * | * _________)/\\_//(\/(/\)/\//\/|_)_______ Goodbye elenmirie the Archeologist... You died in The Dungeons of Doom on dungeon level 6 with 693 points, and 238 pieces of gold, after 2442 moves. You were level 3 with a maximum of 26 hit points when you died.